 Dungeon Sprint DCSS version 0.23-a0-494-g91793a9 (webtiles) character file.

25 JosiahThimblerig the Ruffian (level 3, -4/31 HPs)
             Began as a Ghoul Warper on Dec 3, 2018.
             Slain by an ogre
             ... wielding a +0 giant club
              (22 damage)
             ... in the Dungeon (Sprint I: "Red Sonja").
             The game lasted 00:01:18 (247 turns).

JosiahThimblerig the Ruffian (Ghoul Warper)          Turns: 247, Time: 00:01:19

Health: -4/31      AC:  3    Str: 14    XL:     3   Next: 4%
Magic:  6/6        EV: 12    Int:  9    God:
Gold:   0          SH:  0    Dex:  8    Spells: 3/8 levels left

rFire    . . .     SeeInvis .     - Unarmed
rCold    + . .     Gourm    .   (no shield)
rNeg     + + +     Faith    .   a - +0 leather armour
rPois    ∞         Spirit   .   (no helmet)
rElec    .         Reflect  .   (no cloak)
rCorr    .         Harm     .   (no gloves)
MR       .....     NoTele   +   (no boots)
Stlth    +.........             (no amulet)
HPRegen  0.00/turn              (no ring)
MPRegen  0.10/turn              (no ring)

@: rotting
A: rotting body, claws 1, carnivore, cold resistance 1, negative energy
resistance 3, inhibited regeneration, torment resistance, unbreathing
a: no special abilities


You were in the Dungeon.
You were not hungry.

You visited 1 branch

Inventory:

Missiles
 d - 4 tomahawks of dispersal (quivered)
Armour
 a - a +0 leather armour (worn)
 k - a +0 ring mail
Scrolls
 c - 2 scrolls of blinking
Potions
 e - a potion of curing
 g - a potion of heal wounds
 h - a potion of haste
 i - 2 potions of magic
 j - a potion of berserk rage
Comestibles
 f - a ration


   Skills:
 + Level 3.3 Fighting
 + Level 1.1 Throwing
 + Level 1.3 Armour
 + Level 2.8 Dodging
 + Level 3.8 Unarmed Combat
 + Level 3.0 Spellcasting
 + Level 2.6 Translocations


You had 3 spell levels left.
You knew the following spells:

 Your Spells              Type           Power        Failure   Level  Hunger
a - Blink                 Tloc           N/A          19%         2    ###....
b - Gell's Gravitas       Tloc           #.........   36%         3    ####...

Your spell library contained the following spells:

 Spells                   Type           Power        Failure   Level  Hunger
 Shroud of Golubria       Chrm/Tloc      #.........   32%         2    ###....
 Lesser Beckoning         Tloc           #.........   36%         3    ####...
 Teleport Other           Tloc           #.......     36%         3    ####...
 Passage of Golubria      Tloc           N/A          77%         4    #####..


Dungeon Overview and Level Annotations

Branches:
Dungeon (1/1)

Altars:


Innate Abilities, Weirdness & Mutations

Your body is rotting away.
You thrive on raw meat.
You are immune to poison.
You have sharp fingernails.
You are carnivorous and can eat meat at any time.
Your flesh is cold resistant. (rC+)
You are immune to negative energy. (rN+++)
You do not regenerate when monsters are visible.
You are immune to unholy pain and torment.
You can survive without breathing.


Message History

You scratch the ogre.
The ogre is moderately wounded.
The ogre misses you.
You scratch the ogre.
The ogre is moderately wounded.
The ogre hits you with a +0 giant club.
You scratch the ogre.
The ogre is moderately wounded.
The ogre hits you with a +0 giant club!
Okay, then.
You scratch the ogre.
The ogre is heavily wounded.
You barely miss the ogre.
The ogre is heavily wounded.
The ogre barely misses you.
You scratch the ogre.
The ogre is heavily wounded.
The ogre hits you with a +0 giant club!!
Ouch! That really hurt!
You die...

##########
#<.#.@O..#
#..'..#..+
#..#### +#
#..# #..#
#..# #⌠⌠#
####


You could see an ogre.

Vanquished Creatures
  Ijyb (D)
1 creature vanquished.

Notes
Turn   | Place    | Note
-------+----------+-------------------------------------------
     0 | D        | JosiahThimblerig the Ghoul Warper began the quest for the
                  | Orb.
     0 | D        | Reached XP level 1. HP: 17/17 MP: 2/2
     1 | D        | Noticed Ijyb
    12 | D        | Killed Ijyb
    12 | D        | Reached skill level 1 in Throwing
    12 | D        | Reached skill level 1 in Armour
    12 | D        | Reached XP level 2. HP: 15/26 MP: 3/5
    12 | D        | Reached XP level 3. HP: 18/31 MP: 3/6
    20 | D        | Learned a level 2 spell: Blink
    24 | D        | Learned a level 3 spell: Gell's Gravitas
   240 | D        | Noticed an ogre
   247 | D        | Slain by an ogre

Vault maps used:
D:        dungeon_sprint_1

Skill      XL: |  1 |
---------------+----+-----
Fighting       | 3 |  3.3
Throwing       | 1 |  1.1
Armour         | 1 |  1.3
Dodging        | 2 |  2.8
Unarmed Combat | 3 |  3.8
Spellcasting   | 3 |  3.0
Translocations | |  2.6

Action                   || total
-------------------------++-------
Melee: Unarmed           ||    16
Throw: Tomahawk          ||     1
Armor: Leather armour    ||     3
Dodge: Dodged            ||     4

Table legend:
 A = Non-vault XP
 B = Vault XP
 C = Vault XP percentage of total XP
 D = Non-vault monster count
 E = Vault monster count
 F = Vault count percentage of total count
                 A         B        C        D         E       F
            +---------+---------+-------+---------+---------+-------
      Total |       0 |      36 | 100.0 |       0 |       1 | 100.0
            +---------+---------+-------+---------+---------+-------
          D |       0 |      36 | 100.0 |       0 |       1 | 100.0
            +---------+---------+-------+---------+---------+-------
